 Dungeon Crawl Stone Soup version 0.31-a0-1447-g87ca8d402b (webtiles) character file.

Game seed: 8576698966342087150

46 Curundu the Trooper (level 3, -4/34 HPs)
             Began as a Minotaur Berserker on Dec 27, 2023.
             Was a Believer of Trog.
             Slain by Natasha (8 damage)
             ... on level 2 of the Dungeon.
             The game lasted 00:02:29 (943 turns).

Curundu the Trooper (Minotaur Berserker)             Turns: 943, Time: 00:02:30

Health: -4/34      AC:  2    Str: 23    XL:     3   Next: 46%
Magic:  2/2        EV: 12    Int:  4    God:    Trog [**....]
Gold:   43         SH:  0    Dex:  9    Spells: 2/2 levels left

rFire   . . .        a - +0 falchion
rCold   . . .        (no shield)
rNeg    . . .        b - +0 animal skin
rPois   .            (helmet restricted)
rElec   .            (no cloak)
rCorr   .            (no gloves)
SInv    .            (no boots)
Will    .....        (no amulet)
Stlth   +            (no ring)
HPRegen 0.25/turn    (no ring)
MPRegen 0.08/turn

%: no passive effects
@: slowed, very slow
A: horns 2, retaliatory headbutt
a: Renounce Religion, Berserk, Trog's Hand


You were on level 2 of the Dungeon.
You worshipped Trog.
Trog was pleased with you.
You visited 1 branch of the dungeon, and saw 2 of its levels.

You collected 43 gold pieces.

Inventory:

Hand Weapons
 a - a +0 falchion (weapon)
Missiles
 h - 3 poisoned darts
Armour
 b - a +0 animal skin (worn)
Scrolls
 d - a scroll of summoning {unknown}
 i - a scroll of vulnerability {unknown}
 j - a scroll of noise {unknown}
 l - a scroll of torment {unknown}
Potions
 c - 2 potions of curing {unknown}
 e - a potion of magic {unknown}
 f - a potion of berserk rage {unknown}
 g - a potion of might {unknown}
 k - a potion of haste {unknown}


   Skills:
 + Level 4.5 Fighting
 + Level 4.4 Long Blades
 + Level 2.6 Armour
 + Level 2.4 Dodging
 + Level 0.4 Stealth


You had 2 spell levels left.
You didn't know any spells.
Your spell library was empty.

Dungeon Overview and Level Annotations

Branches:
Dungeon (2/15)

Altars:

Shops:
D:1 !

Annotations:
D:2 Natasha


Innate Abilities, Weirdness & Mutations

You have a pair of horns on your head.
You reflexively headbutt those who attack you in melee.


Message History

You kill the jackal!
Trog accepts your kill. The kobold hits you but does no damage.
You are poisoned.
Natasha, Servant of Life and Death comes into view.
The ball python barely misses you. The ball python misses you.
You feel very sick. The kobold barely misses you. You furiously retaliate!
You headbutt the kobold!
You kill the kobold!
Trog accepts your kill. The ball python closely misses you.
The ball python barely misses you.
You see here a jackal corpse.
Found a stone staircase leading down.
You feel sick. The ball python closely misses you. The ball python grabs you.
The ball python constricts you.
You escape the ball python's grasp.
You feel sick.
Natasha hisses angrily.
Natasha stares at you and mumbles some strange words.
You feel yourself slow down. The ball python bites you.
The ball python barely misses you.
You hit the ball python.
You kill the ball python!
Trog accepts your kill.
You can now call upon Trog for regeneration and willpower.
You feel sick. Natasha casts a spell at you.
You resist with significant effort.
Natasha stares at you and mumbles some strange words.
You resist with significant effort.
You feel sick.
You feel sick.
You are no longer poisoned.
Natasha claws you.
* * * LOW HITPOINT WARNING * * *
You see here a jackal corpse.
Natasha claws you.
* * * LOW HITPOINT WARNING * * *
You barely miss Natasha. Natasha claws you!
You die...
Natasha curls up and begins to purr.

...#.###### .#.#.####
#....# ........# #....
#######.# #..)#
#######.##### #...###
#...........# #.....
#.##........####...#####.
#.##.#..##...............
.....#.........)@.....?..
#.##.#...#...!..h........
#.†.........####...#####>
#.##.<......# #.........
#.##........# #...######
#.##........# #...#
#.###.......# #...#
#...........# #....
..###.......# ##....


You could see Natasha.

Vanquished Creatures
  An adder (D:2)
  3 dart slugs
  2 bats
  2 endoplasms
  5 hobgoblins
  4 jackals (D:2)
  6 kobolds
  2 quokkas
  A ball python (D:2)
  A rat (D:1)
27 creatures vanquished.

Notes
Turn   | Place    | Note
-------+----------+-------------------------------------------
     0 | D:1      | Curundu the Minotaur Berserker began the quest for the Orb.
     0 | D:1      | Reached XP level 1. HP: 19/19 MP: 0/0
   273 | D:1      | Reached XP level 2. HP: 27/27 MP: 1/1
   402 | D:1      | Found a faded altar of an unknown god.
   524 | D:1      | Found Iclit's Distillery.
   749 | D:2      | Reached XP level 3. HP: 23/33 MP: 2/2
   935 | D:2      | Noticed Natasha
   939 | D:2      | Reached ** piety under Trog
   943 | D:2      | Slain by Natasha

Illustrated notes

Levels and vault maps discovered:
D:1:      dpeg_arrival_pits, layout_basic, serial_shops, shop,
          ebering_ecumenical_altar_petrified
D:2:      layout_loops_cross, uniq_natasha

Skill      XL: |  1  2 |
---------------+-------+-----
Fighting       | 4 |  4.5
Long Blades    | 4 |  4.4
Armour         | |  2.6
Dodging        | |  2.4
Stealth        | |  0.4

Action                     || total
---------------------------++-------
  Melee: Falchion          ||    50
         Headbutt          ||    12
 Armour: Animal skin       ||    43
  Dodge: Dodged            ||    40

Table legend: (Time is in decaauts)
 A = Elapsed time spent in this place.
 B = Non-inter-level travel time spent in this place.
 C = Inter-level travel time spent in this place.
 D = Time resting spent in this place.
 E = Time spent auto-exploring this place.
 F = Levels seen in this place.
 G = Mean time per level.
                   A        B        C        D        E       F      G
               +--------+--------+--------+--------+--------+-----+--------+
         Total |    950 |    942 |      8 |      0 |    708 |   2 |  475.0 |
       Dungeon |    950 |    942 |      8 |      0 |    708 |   2 |  475.0 |
               +--------+--------+--------+--------+--------+-----+--------+

Top non-repeatable levels by time:
     D:1: 742 daAuts
     D:2: 207 daAuts
